 Dungeon Crawl Stone Soup version 0.30.1-3-gfc49f6343a (webtiles) character file.

Game seed: 5824271310095410706

6069 Heoruswealwe the Thaumaturge (level 10, -2/50 HPs)
             Began as a Deep Elf Conjurer on Aug 3, 2023.
             Was a Believer of Vehumet.
             Slain by a wyvern (18 damage)
             ... on level 8 of the Dungeon.
             The game lasted 01:43:55 (9056 turns).

Heoruswealwe the Thaumaturge (Deep Elf Conjurer)    Turns: 9056, Time: 01:43:56

Health: -2/50      AC:  5    Str:  4    XL:     10   Next: 57%
Magic:  4/39       EV: 12    Int: 34    God:    Vehumet [**....]
Gold:   194        SH:  0    Dex: 13    Spells: 2/38 levels left

rFire   . . .        b - +2 executioner's axe (drain)
rCold   . . .        (shield currently unavailable)
rNeg    . . .        c - +0 robe
rPois   .            (no helmet)
rElec   .            h - +0 cloak
rCorr   .            f - +0 pair of gloves
SInv    .            e - +0 pair of boots
Will    +....        i - amulet of the acrobat
Stlth   ++           k - +6 ring of intelligence
HPRegen 0.28/turn    j - ring of magical power
MPRegen 0.26/turn

%: acrobat
@: studying Armour
A: no striking features
a: Renounce Religion


You were on level 8 of the Dungeon.
You worshipped Vehumet.
Vehumet was pleased with you.
You visited 2 branches of the dungeon, and saw 9 of its levels.
You also visited: Ossuary and Bailey.

You collected 620 gold pieces.
You spent 426 gold pieces at shops.

Inventory:

Hand Weapons
 b - a +2 executioner's axe of draining (weapon)
 E - a +0 arbalest
Armour
 c - a +0 robe (worn)
 d - the +2 scale mail of the Loofah {rElec rPois Regen+ Dex+4}
   (You found it on level 2 of the Dungeon)

   Dex:       It affects your dexterity (+4).
   rElec:     It insulates you from electricity.
   rPois:     It protects you from poison.
   Regen:     It increases your rate of health regeneration.
 e - a +0 pair of boots (worn)
 f - a +0 pair of gloves (worn)
 h - a +0 cloak (worn)
 s - a +0 robe
 C - a +0 robe
 D - a +0 robe
 F - a +0 robe
Magical Staves
 o - a staff of cold
Jewellery
 i - an amulet of the acrobat (around neck)
 j - a ring of magical power (right hand)
 k - a +6 ring of intelligence (left hand)
Wands
 p - a wand of flame (21)
 I - a wand of roots (8)
Scrolls
 a - 4 scrolls of fear
 g - 2 scrolls of immolation
 n - 2 scrolls of blinking
 u - 7 scrolls of teleportation
 y - a scroll of enchant weapon
 G - 2 scrolls of magic mapping
 H - a scroll of poison
 J - a scroll of enchant armour
 K - a scroll of identify
Potions
 m - 3 potions of curing
 q - 2 potions of lignification
 r - a potion of degeneration {unknown}
 t - a potion of resistance {unknown}
 v - a potion of heal wounds
 w - 3 potions of ambrosia {unknown}
 x - a potion of attraction {unknown}
 z - 4 potions of flight
 A - a potion of brilliance {unknown}
 B - 2 potions of might {unknown}
Miscellaneous
 l - a piece from Xom's chessboard (15/15)


   Skills:
 - Level 2.4 Dodging
 - Level 2.4 Stealth
 + Level 14.8 Spellcasting
 + Level 13.0 Conjurations


You had 2 spell levels left.
You knew the following spells:

 Your Spells              Type           Power      Damage    Failure   Level
a - Magic Dart            Conj           100%       1d8       0%          1
b - Searing Ray           Conj           100%       2d8       0%          2
c - Static Discharge      Conj/Air       100%       2-7/arc   1%          2
d - Stone Arrow           Conj/Erth      100%       3d13      1%          3
e - Dazzling Flash        Conj/Hex       100%       N/A       1%          3
f - Iskenderun's Mystic   Conj/Tloc      62%        2d13      1%          4
g - Fulminant Prism       Conj/Hex       31%        3d16      1%          4
h - Arcjolt               Conj/Air       31%        1d41      3%          5
i - Freezing Cloud        Conj/Ice/Air   26%        6-21      8%          5
j - Orb of Destruction    Conj           42%        9d12      6%          7

Your spell library contained the following spells:

 Spells                   Type           Power      Damage    Failure   Level
 Momentum Strike          Conj/Tloc      100%       3d10      1%          2
 Freeze                   Ice            100%       1d10      1%          1
 Dispel Undead            Necr           25%        3d12      16%         4
 Ice Form                 Ice/Tmut       25%        N/A       16%         4
 Summon Ice Beast         Ice/Summ       25%        N/A       16%         4
 Agony                    Necr           25%        N/A       41%         5
 Borgnjor's Revivificati  Necr           12%        N/A       100%        8
 Necromutation            Tmut/Necr      12%        N/A       100%        8
 Death's Door             Necr           12%        N/A       100%        9


Dungeon Overview and Level Annotations

Branches:
Dungeon (8/15)             Temple (1/1) D:6         Ossuary (visited)
 Bailey (visited)
   Lair: D:8-11

Altars:
Ashenzari
Cheibriados
Dithmenos
Elyvilon
Fedhas
Gozag
Kikubaaqudgha
Makhleb
Nemelex Xobeh
Okawaru
Qazlal
Ru
Sif Muna
Uskayaw
Vehumet
Wu Jian
Yredelemnul
The Shining One

Shops:
D:7 ?


Message History

The steam dragon scales are intact enough to wear.
The mystic blast hits the yak!
You kill the yak!
Vehumet accepts your kill.
A wyvern comes into view.
The wyvern moves out of view.
Your Conjurations skill increases to level 13!
The magic dart hits the orc.
The orc is heavily wounded.
The orc hits you from afar with a +0 trident.
The magic dart hits the orc.
You kill the orc!
Vehumet accepts your kill.
A centaur comes into view.
The centaur wields a +0 shortbow.
The centaur shoots an arrow.
The arrow hits you.
Casting: Magic Dart (safe; 0% risk of failure)
Confirm with . or Enter, or press ? or * to list all spells.
You erupt in a blast of force!
The mystic blast hits the centaur!!
You kill the centaur!
Vehumet accepts your kill.
A white imp comes into view.
The wyvern completely misses you.
Casting: Iskenderun's Mystic Blast (dangerous; 1% risk of failure)
Confirm with . or Enter, or press ? or * to list all spells.
You erupt in a blast of force!
The mystic blast hits the white imp!
The white imp is almost dead.
The white imp is knocked back by the mystic blast.
The white imp slams into the granite statue!
You kill the white imp!
Vehumet accepts your kill.
You feel your power returning.
The mystic blast hits the wyvern!
The wyvern is heavily wounded.
The wyvern barely misses you.
Casting: Iskenderun's Mystic Blast (dangerous; 1% risk of failure)
Confirm with . or Enter, or press ? or * to list all spells.
You erupt in a blast of force!
The mystic blast hits the wyvern.
The wyvern is severely wounded.
The wyvern bites you! The wyvern bites you!!
You die...

.#. #$. .. # #.# #.# ##..
#... #. #. #.# #.# ..#
#...#. . ##.# #.# ..# .#
.'#.#' ##..# #.#
..####...###...###...## #.#
..#..........8........###.#
..#.##...###..)###........#
#...##.. +#.#l)##..####.#
##..##.# #.#.@.##.# #.#
##..#.# ##.##...#.# #.#
##...# ##...##.)#.####.#
##..####.....####.##...#
##.......))..........###
#....>.............###
#.###....)...####### ...
#........# #### ##########


You could see a wyvern.

Vanquished Creatures
  An orc knight (Bailey)
  A troll (D:8)
  Prince Ribbit (D:5)
  A yak (D:8)
  A steam dragon (D:8)
  A vampire mosquito (D:8)
  Menkaure (D:4)
  17 orc warriors
  A black bear (D:6)
  4 ice beasts
  A sky beast (D:7)
  An ogre (D:6)
  9 centaurs
  A phantom (D:2)
  A kobold brigand (D:7)
  A gnoll sergeant (D:6)
  A scorpion (D:6)
  A wight (Ossuary)
  A water moccasin zombie (Ossuary)
  A howler monkey (D:8)
  A bullfrog zombie (Ossuary)
  3 centaur zombies (Ossuary)
  3 hounds
  2 orc priests
  A gnoll bouda (D:8)
  9 iguanas
  3 sleepcaps
  9 orc wizards
  A scorpion zombie (Ossuary)
  An ogre zombie (Ossuary)
  A mummy (D:4)
  9 adders
  11 gnolls
  4 white imps
  2 adder zombies (Ossuary)
  3 worms
  4 dart slugs
  35 orcs
  6 ball pythons
  9 endoplasms
  6 giant cockroaches
  3 gnoll zombies (Ossuary)
  10 goblins
  10 hobgoblins
  A jackal (D:2)
  4 quokkas
  6 bats
  5 frilled lizards
  5 goblin zombies (Ossuary)
  2 hobgoblin zombies (Ossuary)
  16 kobolds
  7 orc zombies (Ossuary)
  9 rats
248 creatures vanquished.

Vanquished Creatures (others)
  7 fulminant prisms (D:7)
7 creatures vanquished.

Grand Total: 255 creatures vanquished

Notes
Turn   | Place    | Note
-------+----------+-------------------------------------------
     0 | D:1      | Heoruswealwe the Deep Elf Conjurer began the quest for the
                  | Orb.
     0 | D:1      | Reached XP level 1. HP: 10/10 MP: 6/6
    40 | D:1      | Reached XP level 2. HP: 15/15 MP: 1/8
    43 | D:1      | Learned a level 2 spell: Searing Ray
   575 | D:1      | Reached skill level 4 in Spellcasting
   678 | D:1      | Reached XP level 3. HP: 19/19 MP: 10/10
   682 | D:1      | Learned a level 3 spell: Dazzling Flash
   696 | D:1      | Reached skill level 5 in Conjurations
   990 | D:2      | Noticed a phantom
  1008 | D:2      | Killed a phantom
  1009 | D:2      | Reached skill level 5 in Spellcasting
  1009 | D:2      | Reached XP level 4. HP: 16/24 MP: 8/13
  1014 | D:2      | Learned a level 4 spell: Fulminant Prism
  1025 | D:2      | Identified the +2 scale mail of the Loofah {rElec rPois
                  | Regen+ Dex+4}
  1107 | D:2      | Got Sif Muna's Folio of Unholy Ceremonies and Hail
  1401 | D:2      | Reached XP level 5. HP: 28/28 MP: 14/14
  1406 | D:2      | Learned a level 4 spell: Iskenderun's Mystic Blast
  1978 | D:3      | Reached skill level 6 in Spellcasting
  2036 | D:3      | Found a broken altar of Ashenzari.
  2101 | D:3      | Found a stormy altar of Qazlal.
  2101 | D:3      | Found a burning altar of Makhleb.
  2192 | D:3      | Reached XP level 6. HP: 32/32 MP: 17/17
  2466 | D:4      | Found a snail-covered altar of Cheibriados.
  2556 | D:4      | Noticed Menkaure
  2561 | D:4      | Killed Menkaure
  2562 | D:4      | Reached skill level 7 in Spellcasting
  2660 | D:4      | Found a sand-covered staircase.
  2675 | Ossuary  | Entered an ossuary
  2757 | Ossuary  | Reached XP level 7. HP: 35/36 MP: 16/20
  2873 | Ossuary  | Reached skill level 8 in Spellcasting
  3170 | Ossuary  | Noticed a silent spectre
  3745 | D:5      | Entered Level 5 of the Dungeon
  4302 | D:5      | Reached skill level 9 in Spellcasting
  4348 | D:5      | Noticed Prince Ribbit
  4354 | D:5      | Reached XP level 8. HP: 41/41 MP: 23/23
  4355 | D:5      | Killed Prince Ribbit
  4567 | D:6      | Reached skill level 10 in Spellcasting
  4773 | D:6      | Reached skill level 11 in Spellcasting
  4773 | D:6      | Reached skill level 10 in Conjurations
  4942 | D:6      | Reached XP level 9. HP: 45/45 MP: 26/26
  6436 | D:6      | Found a staircase to the Ecumenical Temple.
  6448 | Temple   | Entered the Ecumenical Temple
  6465 | Temple   | Became a worshipper of Vehumet
  6796 | D:7      | Found a flagged portal.
  6877 | Bailey   | Entered a bailey
  6905 | Bailey   | Reached skill level 12 in Spellcasting
  7073 | Bailey   | Reached * piety under Vehumet
  7073 | Bailey   | Offered knowledge of Sandblast by Vehumet.
  7287 | Bailey   | Reached skill level 13 in Spellcasting
  7475 | Bailey   | Noticed an orc knight
  7488 | Bailey   | Killed an orc knight
  7489 | Bailey   | Reached XP level 10. HP: 45/50 MP: 0/29
  7667 | Bailey   | Acquired the Papyrus of Algid Impulse
  7672 | Bailey   | Learned a level 2 spell: Static Discharge
  7676 | Bailey   | Learned a level 3 spell: Stone Arrow
  7682 | Bailey   | Learned a level 5 spell: Arcjolt
  7688 | Bailey   | Learned a level 5 spell: Freezing Cloud
  7696 | Bailey   | Learned a level 7 spell: Orb of Destruction
  8299 | D:7      | Reached skill level 14 in Spellcasting
  8340 | D:7      | Offered knowledge of Momentum Strike by Vehumet.
  8340 | D:7      | Reached ** piety under Vehumet
  8616 | D:7      | Found Hucwuceg's Magic Scroll Shop.
  8641 | D:7      | Bought a scroll of magic mapping for 90 gold pieces
  8641 | D:7      | Bought a scroll of teleportation for 36 gold pieces
  8641 | D:7      | Bought a scroll of poison for 48 gold pieces
  8641 | D:7      | Bought a scroll of magic mapping for 90 gold pieces
  8641 | D:7      | Bought a scroll of identify for 24 gold pieces
  8641 | D:7      | Bought a scroll of fear for 48 gold pieces
  8641 | D:7      | Bought a scroll of enchant armour for 90 gold pieces
  8747 | D:6      | You fall into a shaft and drop 1 floor!
  9056 | D:8      | Slain by a wyvern

Illustrated notes

Levels and vault maps discovered:
D:1:      dpeg_arrival_boxorama, layout_basic
D:2:      minmay_diamond_boxcup, layout_loops_ring, minmay_pentomino_w4
D:3:      layout_rooms, nicolae_ashenzari_skybound,
          gammafunk_temple_overflow_elements, lexackson_kobold_supper
D:4:      layout_cave_pools, slow_altar_2, gup_ossuary_entry_pyramid,
          fountainhead, grunt_decor_junction, uniq_menkaure
D:5:      layout_basic, uniq_prince_ribbit1
D:6:      layout_loops_ring, temple_green, grunt_decor_mini_mirrors,
          hellmonk_bongcloud_opening
D:7:      layout_rooms, serial_shops, shop, enter_bailey_3, corner_web_ring,
          centaur_isle
D:8:      cheibrodos_barr_body, layout_basic, trog_book
Temple:   zaba_magenta_temple

Skill      XL: |  1  2  3  4  5  6  7  8  9 10 |
---------------+-------------------------------+-----
Spellcasting   | 4 5 6 7 9 11 13 14 | 14.8
Conjurations   | 5 6 7 8 10 12 13 | 13.0
Dodging        | |  2.4
Stealth        | |  2.4

Action                     |  1- 3 |  4- 6 |  7- 9 | 10-12 || total
---------------------------+-------+-------+-------+-------++-------
  Melee: Unarmed           |       |    29 |       |       ||    29
         Punch             |       |     1 |       |       ||     1
         Glaive            |       |       |   877 |       ||   877
   Cast: Magic Dart        |    50 |   154 |   134 |    39 ||   377
         Searing Ray       |     2 |     8 |    30 |     1 ||    41
         Iskenderun's Myst |       |       |    63 |    23 ||    86
         Fulminant Prism   |       |       |       |     7 ||     7
         Stone Arrow       |       |       |       |     3 ||     3
    Use: Scroll            |       |       |    11 |     2 ||    13
         Potion            |       |       |     4 |     2 ||     6
 Armour: Robe              |    10 |    17 |    39 |     4 ||    70
  Dodge: Dodged            |    16 |    29 |   129 |    63 ||   237
